 Dungeon Crawl Stone Soup version 0.20.0-15-g7f486f2 (webtiles) character file.

235 miragecloak the Cudgeler (level 6, -1/47 HPs)
             Began as a Formicid Abyssal Knight on June 29, 2017.
             Was a Follower of Lugonu.
             Slain by an orc
             ... wielding a +2 flail of crushing
              (8 damage)
             ... on level 4 of the Dungeon.
             The game lasted 00:03:50 (2875 turns).

miragecloak the Cudgeler (Formicid Abyssal Knight)  Turns: 2875, Time: 00:03:51

Health: -1/47      AC:  4    Str: 17    XL:     6   Next: 26%
Magic:  7/7        EV: 12    Int: 11    God:    Lugonu [*.....]
Gold:   160        SH:  6    Dex: 12    Spells: 5/5 levels left

rFire    . . .     SeeInvis +   p - +0 flail
rCold    . . .     Gourm    .   l - +0 buckler
rNeg     . . .     Faith    .   b - +0 leather armour
rPois    .         Spirit   .   (helmet unavailable)
rElec    .         Reflect  +   (no cloak)
rCorr    .         Harm     .   m - +0 pair of gloves
MR       .....                  (no boots)
Stlth    +.........             i - +2 amulet of reflection
Regen    0.2/turn               (no ring)
MPRegen  0.1/turn               (no ring)

@: no status effects
A: permanent stasis, dig shafts and tunnels, four strong arms, antennae 3
a: Dig, Shaft Self, Depart the Abyss, Renounce Religion


You were on level 4 of the Dungeon.
You worshipped Lugonu.
Lugonu was aware of your devotion.
You were not hungry.

You visited 1 branch of the dungeon, and saw 5 of its levels.
You visited the Abyss 1 time.

You collected 160 gold pieces.

Inventory:

Hand Weapons
 a - a +1 mace
 p - a +0 flail (weapon)
Armour
 b - a +0 leather armour (worn)
 l - a +0 buckler (worn)
 m - a +0 pair of gloves (worn)
 q - a cursed +0 ring mail
Jewellery
 i - a +2 amulet of reflection (around neck)
 s - an uncursed ring of fire {unknown}
Scrolls
 e - a scroll of amnesia {unknown}
 j - 2 scrolls of remove curse {unknown}
 k - a scroll of fear {unknown}
 o - a scroll of blinking {unknown}
 u - a scroll of immolation {unknown}
Potions
 g - a potion of might {unknown}
 n - a potion of degeneration {unknown}
 r - a potion of mutation {unknown}
Comestibles
 c - a bread ration
 d - 4 chunks of flesh
 f - 5 meat rations
 h - a royal jelly


   Skills:
 - Level 3.2 Fighting
 + Level 5.3 Maces & Flails
 - Level 2.1 Armour
 - Level 2.0 Dodging
 - Level 2.0 Shields
 - Level 2.1 Invocations


You had 5 spell levels left.
You didn't know any spells.

Dungeon Overview and Level Annotations

Branches:
Dungeon (5/15)
 Temple: D:4-7

Altars:

Annotations:
D:2 Sigmund


Innate Abilities, Weirdness & Mutations

You cannot be hasted, slowed, berserked, paralysed or teleported.
You can dig through walls and to a lower floor.
Your four strong arms can wield two-handed weapons with a shield.
You have a pair of large antennae on your head. (SInv)


Message History

The orc priest is heavily wounded.
The orc barely misses you. x2; You block the orc priest's attack.
The orc closely misses you.
An orc comes into view. It is wielding a morningstar.
The orc shouts!
You hit the orc priest but do no damage.
The orc priest is heavily wounded.
The orc hits you but does no damage. The orc barely misses you.
The orc priest hits you with a hand axe.
The orc hits you with a war axe!
* * * LOW HITPOINT WARNING * * *
The orc hits you.
* * * LOW HITPOINT WARNING * * *
An orc priest comes into view. It is wielding a trident.
Are you sure you want to shaft yourself?
You feel quite a bit more hungry.
The orc priest shouts!
You block the orc priest's attack.
The orc hits you with a flail of crushing!
You die...

#..... #....# #...
####....########....###...
......................+...
...##..#########.#####...
##.# #..........# #.##
#........... #.)#
#......(...#
####o######.......[..#
#.ooo@....#..........# {{
#...oo....#..........#
..o...o...o.....#...........
oo..o...........#..........#
#'#.(#..........#.#.........
{#..#..........#.#.#######.
#. #..........#.#.# . {#
...........#.#.##### .
...........#.#...... #


You could see 2 orc priests, an orc wizard and 6 orcs.

Vanquished Creatures
  A bullfrog skeleton (D:4)
  An orc priest (D:4)
  A hound (D:4)
  Terence (D:2)
  A worker ant (D:4)
  A gnoll (D:1)
  4 adders
  A dart slug (D:3)
  8 orcs
  4 bats
  A giant cockroach (D:3)
  7 goblins
  3 hobgoblins (D:1)
  4 kobolds
  2 quokkas
  A ball python (D:1)
  2 frilled lizards
  6 rats
49 creatures vanquished.

Vanquished Creatures (others)
  2 goblins (D:4)
2 creatures vanquished.

Grand Total: 51 creatures vanquished

Notes
Turn   | Place    | Note
-------+----------+-------------------------------------------
     0 | Abyss:1  | miragecloak the Formicid Abyssal Knight began the quest for the Orb.
     0 | Abyss:1  | Reached XP level 1. HP: 18/18 MP: 2/2
    71 | Abyss:1  | Noticed a large abomination
    72 | D:1      | Escaped the Abyss
   122 | D:1      | Reached * piety under Lugonu
   140 | D:1      | Reached XP level 2. HP: 7/24 MP: 3/3
   525 | D:1      | Reached skill level 3 in Maces & Flails
   583 | D:1      | Reached XP level 3. HP: 22/29 MP: 4/4
   928 | D:2      | Reached skill level 1 in Dodging
   936 | D:2      | Noticed Terence
   953 | D:2      | Killed Terence
   953 | D:2      | Reached XP level 4. HP: 27/35 MP: 5/5
  1065 | D:2      | Noticed Sigmund
  1074 | D:2      | You fall through a shaft!
  1085 | D:2      | Reached skill level 1 in Shields
  1153 | D:2      | You fall through a shaft!
  1734 | D:3      | You fall through a shaft for 2 floors!
  1734 | D:5      | Entered Level 5 of the Dungeon
  1921 | D:4      | Reached XP level 5. HP: 38/41 MP: 6/6
  2256 | D:4      | Reached skill level 4 in Maces & Flails
  2810 | D:4      | Reached skill level 5 in Maces & Flails
  2810 | D:4      | Reached XP level 6. HP: 43/47 MP: 7/7
  2875 | D:4      | Slain by an orc

Skill      XL: |  1  2  3  4  5 |
---------------+----------------+-----
Maces & Flails | 3 5 |  5.3
Dodging        | 2 |  2.0
Shields        | 2 |  2.0
Fighting       | |  3.2
Armour         | |  2.1
Invocations    | |  2.1

Action                   |  1- 3 |  4- 6 || total
-------------------------+-------+-------++-------
Melee: Mace              |    82 |       ||    82
       Flail             |       |   152 ||   152
Invok: Depart the Abyss  |     1 |       ||     1
 Abil: Shaft Self        |       |     4 ||     4
  Use: Potion            |       |     2 ||     2
  Eat: Chunk             |       |     8 ||     8
Armor: Leather armour    |    25 |    50 ||    75
Dodge: Dodged            |    45 |   121 ||   166
Block: Other             |     3 |       ||     3
       Buckler           |     8 |    51 ||    59
       Reflection        |       |     6 ||     6
